 Dungeon Sprint DCSS version 0.24.0-1-gfbc8707 (webtiles) character file.

Game seed: 15949736401407091144, levelgen mode: deterministic

7927 Fang the Tortoise (level 11, -2/120 HPs)
             Began as a Gargoyle Berserker on Nov 6, 2019.
             Was the Champion of Trog.
             Killed from afar by an efreet (29 damage)
             ... with a fireball
             ... in the Dungeon (Sprint V: "Ziggurat Sprint").
             The game lasted 00:02:09 (741 turns).

Fang the Tortoise (Gargoyle Berserker)               Turns: 741, Time: 00:02:09

Health: -2/120     AC: 34    Str: 41    XL:     11   Next: 22%
Magic:  11/11      EV:  6    Int:  8    God:    Trog [******]
Gold:   0          SH: 27    Dex:  9    Spells: 10/10 levels left

rFire    . . .     SeeInvis .   a - +5 broad axe (elec)
rCold    . . .     Gourm    .   E - +18 shield of the Gong {rElec rN+ MR+ EV-5}
rNeg     + + .     Faith    .   b - +15 Maxwell's patent armour {-Cast -Tele rElec MR+ rCorr}
rPois    ∞         Spirit   .   (no helmet)
rElec    +         Reflect  .   (no cloak)
rCorr    +         Harm     .   (no gloves)
MR       ++...     Rnd*Rage +   (no boots) Stlth ..........NoTele +
                                (no amulet)
HPRegen  0.00/turn NoCast   +   D - +6 ring of strength
MPRegen  0.12/turn              C - +6 ring of strength

@: berserking (expiring), studying Armour, very quick
A: berserk 1, deformed body, negative energy resistance 1, electricity
resistance, inhibited regeneration, unbreathing, petrification resistance, rot
immunity, AC +8
a: Berserk, Trog's Hand, Brothers in Arms, Renounce Religion


You were in the Dungeon.
You worshipped Trog.
Trog was exalted by your worship.
You were hungry.

You visited 1 branch

Inventory:

Hand Weapons
 a - a +5 broad axe of electrocution (weapon)
Armour
 b - the +15 Maxwell's patent armour (worn) {-Cast -Tele rElec MR+ rCorr}
   (You found it in the Dungeon)

   It insulates you from electricity.
   It affects your resistance to hostile enchantments.
   It prevents spellcasting.
   It prevents most forms of teleportation.
   It provides partial protection from all sources of acid and corrosion.
 E - the +18 shield of the Gong (worn) {rElec rN+ MR+ EV-5}
   (You found it in the Dungeon)

   It affects your evasion (-5).
   It insulates you from electricity.
   It protects you from negative energy.
   It affects your resistance to hostile enchantments.
Jewellery
 o - the cursed ring "Poro" {rElec MR+ EV-2 Slay+2}
   (You found it in the Dungeon)

   [ring of evasion]

   It affects your evasion (-2).
   It affects your accuracy and damage with ranged weapons and melee attacks
   (+2).
   It insulates you from electricity.
   It affects your resistance to hostile enchantments.
   It has a curse placed upon it.
 C - a +6 ring of strength (right hand)
 D - a +6 ring of strength (left hand)
Wands
 u - a wand of disintegration (7)
 v - a wand of iceblast (7)
 w - a wand of acid (7)
Scrolls
 i - 4 scrolls of blinking
 j - 7 scrolls of fog
 k - a scroll of holy word
 l - 5 scrolls of identify
 m - 5 scrolls of remove curse
 n - 2 scrolls of fear
Potions
 d - 10 potions of curing
 e - 9 potions of heal wounds
 f - 6 potions of haste
 h - 3 potions of berserk rage
 p - 2 potions of invisibility
 q - 4 potions of resistance
 r - a potion of experience
 s - 5 potions of agility
 t - 5 potions of might
Books
 x - a manual of Armour
Comestibles
 c - 7 rations
 g - 5 chunks of flesh


   Skills:
 + Level 14.6 Fighting
 + Level 12.5 Axes
 + Level 15.3 Armour
 + Level 11.5 Dodging


You had 10 spell levels left.
You didn't know any spells.
Your spell library was empty.

Dungeon Overview and Level Annotations

Branches:
Dungeon (1/1)

Altars:
Ashenzari
Cheibriados
Dithmenos
Elyvilon
Fedhas
Gozag
Hepliaklqana
Kikubaaqudgha
Makhleb
Nemelex Xobeh
Okawaru
Qazlal
Ru
Sif Muna
Trog
Uskayaw
Vehumet
Wu Jian
Xom
Yredelemnul
Zin
The Shining One
Beogh
Jiyva
Lugonu

Annotations:
D 1 transporter


Innate Abilities, Weirdness & Mutations

You are resistant to torment.
Your stone body is resilient. (AC +8)
You are immune to poison.
You resist negative energy. (rN+)
You are resistant to electric shocks. (rElec)
You can survive without breathing.
You are immune to petrification.
You are immune to rotting.
You tend to lose your temper in combat.
Armour fits poorly on your strangely shaped body.
You do not regenerate when monsters are visible.


Message History

Trog accepts your kill.
Your Armour skill increases to level 15!
The hell hog completely misses you.
You slice the hell hog!!
You kill the hell hog!
Trog accepts your kill. The efreet gestures at you.
The fireball explodes!
The fireball engulfs you.
* * * LOW HITPOINT WARNING * * *
The efreet gestures at you.
The fireball explodes!
The fireball engulfs you!
* * * LOW HITPOINT WARNING * * *
The fireball engulfs the efreet.
The efreet completely resists.
You feel a strong urge to attack something.
You hit the efreet but do no damage. You block the efreet's attack.
PTOANNNG!
You barely miss the efreet. The efreet gestures at you.
The fireball explodes!
The fireball engulfs you!!
You die...

▓.▓.....▓.▓.▓.(.▓.▓
▓.)..©....▓...©...▓
▓▓▓▓▓▓▓▓▓▓▓▓▓▓▓▓▓▓▓
▓...8©8...▓
▓..))|[}..▓
▓...}:|)..▓
▓.........▓
▓.........▓
▓..@R.....▓
▓....†)...▓
▓.▓..)).▓.▓
▓....©....▓
▓▓▓▓▓▓▓▓▓▓▓


You could see an efreet.

Vanquished Creatures
  3 hell hogs (D)
  2 shining eyes (D)
  A wolf spider (D)
  A spiny frog (D)
  2 eyes of devastation (D)
  2 efreet (D)
  5 merfolk (D)
  2 slime creatures (D)
  3 hippogriffs (D)
  A yak (D)
  2 fire elementals (D)
  A golden eye (D)
  A water moccasin (D)
  A hell hound (D)
  2 floating eyes (D)
  A porcupine (D)
  An eye of draining (D)
  A centaur (D)
  A crocodile (D)
  2 bullfrogs (D)
  5 scorpions (D)
  2 jellies (D)
  An orc wizard (D)
  An orc priest (D)
  An iguana (D)
  4 mummies (D)
  3 adders (D)
  An ooze (D)
53 creatures vanquished.

Vanquished Creatures (others)
  A spatial maelstrom (D)
  Psyche (D)
  Menkaure (D)
3 creatures vanquished.

Grand Total: 56 creatures vanquished

Notes
Turn   | Place    | Note
-------+----------+-------------------------------------------
     0 | D        | Fang the Gargoyle Berserker began the quest for the Orb.
     0 | D        | Reached XP level 1. HP: 14/14 MP: 1/1
     2 | D        | Killed Menkaure
     4 | D        | Killed Psyche
     6 | D        | Found a blossoming altar of Fedhas.
     7 | D        | Found the +6 Majin-Bo {vamp, Archmagi MP+6 Int+6}
     7 | D        | Found the +7 great mace "Firestarter" {inner flame, rF++}
     7 | D        | Found a transporter.
     7 | D        | Found a viscous altar of Jiyva.
     7 | D        | Found an ancient bone altar of Kikubaaqudgha.
     7 | D        | Found a hazy altar of Hepliaklqana.
     7 | D        | Found a corrupted altar of Lugonu.
     7 | D        | Found an opulent altar of Gozag.
     7 | D        | Found a burning altar of Makhleb.
    11 | D        | Found a stormy altar of Qazlal.
    11 | D        | Found an iron altar of Okawaru.
    11 | D        | Found a sacrificial altar of Ru.
    11 | D        | Found a sparkling altar of Nemelex Xobeh.
    11 | D        | Found a shimmering blue altar of Sif Muna.
    11 | D        | Found a bloodstained altar of Trog.
    11 | D        | Banished a spatial maelstrom
    14 | D        | Banished a spatial maelstrom
    18 | D        | Found the +9 heavy crossbow "Sniper" {velocity, Acc+∞ SInv}
    18 | D        | Found the +10 dark maul {crush}
    18 | D        | Found the +15 Maxwell's patent armour {-Cast -Tele rElec
                  | MR+ rCorr}
    18 | D        | Found the +18 shield of the Gong {rElec rN+ MR+ EV-5}
    18 | D        | Found the cursed +14 obsidian axe {chop, +Fly SInv *Curse}
    77 | D        | Entered arena 2.
    77 | D        | Noticed an orc wizard
    77 | D        | Noticed an orc priest
    77 | D        | Found a transporter.
    80 | D        | Killed an orc priest
    80 | D        | Reached skill level 3 in Armour
    80 | D        | Reached XP level 2. HP: 20/20 MP: 2/2
    80 | D        | Reached XP level 3. HP: 24/24 MP: 3/3
    95 | D        | Reached ** piety under Trog
    95 | D        | Reached skill level 5 in Fighting
    95 | D        | Reached skill level 4 in Armour
    95 | D        | Reached XP level 4. HP: 26/31 MP: 4/4
   161 | D        | Entered arena 3.
   161 | D        | Noticed a merfolk
   161 | D        | Noticed a merfolk
   161 | D        | Noticed a merfolk
   161 | D        | Found a transporter.
   162 | D        | Identified the cursed +0 scimitar of the Forsaken Hells
                  | {drain, *Slow Int+4 Dex+4}
   172 | D        | Killed a merfolk
   172 | D        | Reached skill level 7 in Armour
   172 | D        | Reached skill level 5 in Dodging
   172 | D        | Reached XP level 5. HP: 34/39 MP: 5/5
   172 | D        | Reached XP level 6. HP: 39/44 MP: 6/6
   172 | D        | Killed a merfolk
   172 | D        | Reached skill level 8 in Armour
   172 | D        | Reached XP level 7. HP: 45/50 MP: 7/7
   176 | D        | Killed a merfolk
   176 | D        | Reached *** piety under Trog
   176 | D        | Reached skill level 9 in Armour
   280 | D        | Entered arena 4.
   280 | D        | Found a transporter.
   311 | D        | Entered arena 5.
   311 | D        | Found a transporter.
   314 | D        | Reached **** piety under Trog
   314 | D        | Reached XP level 8. HP: 57/57 MP: 8/8
   322 | D        | Entered arena 6.
   322 | D        | Noticed a slime creature
   322 | D        | Found a transporter.
   325 | D        | Reached ***** piety under Trog
   325 | D        | Reached skill level 10 in Fighting
   327 | D        | Killed a slime creature
   327 | D        | Reached skill level 10 in Armour
   392 | D        | Entered arena 7.
   392 | D        | Noticed a wolf spider
   393 | D        | Found a transporter.
   396 | D        | Killed a wolf spider
   396 | D        | Reached XP level 9. HP: 64/64 MP: 9/9
   397 | D        | Reached skill level 11 in Armour
   398 | D        | Reached ****** piety under Trog
   404 | D        | Got the cursed ring "Ryativ" {rC+ Str+4 Slay-3}
   500 | D        | Entered arena 8.
   500 | D        | Noticed a merfolk
   500 | D        | Noticed a merfolk
   501 | D        | Found a transporter.
   504 | D        | Received a gift from Trog
   507 | D        | Reached skill level 10 in Axes
   510 | D        | Killed a merfolk
   510 | D        | Received a gift from Trog
   510 | D        | Reached skill level 12 in Armour
   511 | D        | Killed a merfolk
   566 | D        | Entered arena 9.
   566 | D        | Noticed a spiny frog
   568 | D        | Found a transporter.
   571 | D        | Killed a spiny frog
   571 | D        | Reached XP level 10. HP: 72/72 MP: 10/10
   571 | D        | Received a gift from Trog
   575 | D        | Reached skill level 10 in Dodging
   642 | D        | Entered arena 10.
   642 | D        | Noticed an eye of devastation
   642 | D        | Noticed an eye of devastation
   642 | D        | Noticed a shining eye
   642 | D        | Noticed a shining eye
   643 | D        | Found a transporter.
   644 | D        | Paralysed by a floating eye for 3 turns
   645 | D        | Gained mutation: You tend to lose your temper in combat. [a
                  | shining eye]
   655 | D        | Paralysed by a floating eye for 2 turns
   661 | D        | Received a gift from Trog
   661 | D        | Killed an eye of devastation
   661 | D        | Gained mutation: Armour fits poorly on your strangely
                  | shaped body. [a shining eye]
   663 | D        | HP: 3/73 [disintegration (18)]
   664 | D        | Killed a shining eye
   664 | D        | Reached skill level 13 in Armour
   666 | D        | Gained mutation: You do not regenerate when monsters are
                  | visible. [a shining eye]
   668 | D        | Killed a shining eye
   669 | D        | Killed an eye of devastation
   677 | D        | Got the cursed ring "Poro" {rElec MR+ EV-2 Slay+2}
   727 | D        | Entered arena 11.
   727 | D        | Noticed a hell hog
   727 | D        | Noticed a hell hog
   727 | D        | Noticed a hell hog
   728 | D        | Found the +2 pair of boots of the Assassin {Detection Stab+
                  | Stlth++}
   728 | D        | Found a transporter.
   733 | D        | Killed a hell hog
   733 | D        | Received a gift from Trog
   733 | D        | Reached skill level 14 in Armour
   733 | D        | Killed a hell hog
   733 | D        | Reached XP level 11. HP: 69/80 MP: 11/11
   736 | D        | Reached skill level 15 in Armour
   737 | D        | Killed a hell hog
   741 | D        | Killed from afar by an efreet

Levels and vault maps discovered:
D:        sprint_v [room_start, room_1, room_2, room_3, room_4, room_5, room_6,
          room_7, room_8, room_9, room_10, room_11, room_12, room_13, room_14,
          room_15, room_16, room_17, room_18, room_19, room_20, room_21,
          room_22, room_23, room_24, room_25, room_26, room_27]

Skill      XL: |  1  2  3  4  5  6  7  8  9 10 11 |
---------------+----------------------------------+-----
Fighting       | 4 5 7 8 9 11 12 14 | 14.6
Axes           | 3 4 6 7 8 9 10 12 | 12.5
Armour         | 3 4 7 8 9 10 12 14 15 | 15.3
Dodging        | 2 3 5 6 7 8 9 11 | 11.5

Action                   |  1- 3 |  4- 6 |  7- 9 | 10-12 || total
-------------------------+-------+-------+-------+-------++-------
Melee: Broad axe         |    12 |     8 |    32 |    25 ||    77
Invok: Berserk           |     1 |     1 |     4 |     2 ||     8
       Trog's Hand       |       |       |       |     2 ||     2
  Use: Scroll            |       |       |     2 |       ||     2
       Potion            |       |       |       |     1 ||     1
  Eat: Chunk             |       |       |     3 |     4 ||     7
Armor: Plate armour      |     9 |     2 |    13 |     7 ||    31
Dodge: Dodged            |       |       |     5 |     3 ||     8
Block: Shield            |    20 |    17 |    59 |    15 ||   111
